 Dungeon Crawl Stone Soup version 0.25-a0-160-gd1d2e81aba (webtiles) character file.

Game seed: 1198139209251150987, levelgen mode: deterministic

79 Gargoyl the Skirmisher (level 4, -3/34 HPs)
             Began as a Centaur Abyssal Knight on Nov 21, 2019.
             Was a Follower of Lugonu.
             Slain by Sigmund
             ... wielding a +0 scythe
              (9 damage)
             ... on level 3 of the Dungeon.
             The game lasted 00:04:00 (2859 turns).

Gargoyl the Skirmisher (Centaur Abyssal Knight)     Turns: 2859, Time: 00:04:00

Health: -3/34      AC:  7    Str: 15    XL:     4   Next: 17%
Magic:  5/5        EV:  4    Int: 14    God:    Lugonu [*.....]
Gold:   154        SH:  0    Dex:  9    Spells: 3/3 levels left

rFire    . . .     SeeInvis .   a - +2 hand axe
rCold    . . .     Gourm    .   (no shield)
rNeg     . . .     Faith    .   e - +0 chain mail
rPois    .         Spirit   .   (no helmet)
rElec    .         Reflect  .   h - scarf {cloud immunity}
rCorr    .         Harm     .   (no gloves)
MR       +....     Clarity  +   (no barding)
Stlth    ..........             (no amulet)
HPRegen  0.11/turn              f - +3 ring of intelligence
MPRegen  0.09/turn              b - ring of protection from magic

@: very quick
A: large, hooves 3, clarity, deformed body, speed 2, frail 1, screaming 1, tough
skin 3, evolution 1
a: Depart the Abyss, Renounce Religion


You were on level 3 of the Dungeon.
You worshipped Lugonu.
Lugonu was aware of your devotion.
You were not hungry.

You visited 1 branch of the dungeon, and saw 3 of its levels.
You visited the Abyss 1 time.

You collected 154 gold pieces.

Inventory:

Hand Weapons
 a - a +2 hand axe (weapon)
Armour
 e - a +0 chain mail (worn)
 h - a scarf of cloud immunity (worn)
Jewellery
 b - a ring of protection from magic (right hand)
 f - a +3 ring of intelligence (left hand)
Wands
 d - a wand of enslavement (12)
Scrolls
 j - a scroll of identify
 l - a scroll of magic mapping {unknown}
 m - a scroll of remove curse
Potions
 g - a potion of agility
 i - a potion of magic
 k - a potion of berserk rage {unknown}
Comestibles
 c - 6 rations


   Skills:
 + Level 3.3 Fighting
 + Level 2.4 Axes
 * Level 2.2 Armour
 * Level 1.2 Dodging
 * Level 2.5 Invocations


You had 3 spell levels left.
You didn't know any spells.
Your spell library was empty.

Dungeon Overview and Level Annotations

Branches:
Dungeon (3/15)

Altars:
Trog
Xom
The Shining One

Annotations:
D:3 Sigmund


Innate Abilities, Weirdness & Mutations

You have hooves in place of feet.
Armour fits poorly on your strangely shaped body.
You cover ground very quickly.
You have extremely tough skin. (AC +3)
You possess an exceptional clarity of mind.
You are frail. (-10% HP)
You occasionally shout uncontrollably at your foes.
You evolve.


Message History

Lugonu accepts your kill.
Found a quarterstaff.
l - a scroll labeled WIEQUM LIQAO
Found 13 poisoned darts.
m - a scroll of remove curse Sigmund the Dreaded comes into view.
He is wielding a +0 scythe.
Sigmund is nearby!
Sigmund casts a spell.
Sigmund flickers and vanishes!
Deactivating autopickup; reactivate with Ctrl-A.
Something hits you!
You hit something. Something hits you but does no damage.
Your chain mail prevents you from hitting something.
You hear some strange, mumbled words.
A puff of flame appears from out of thin air!
The puff of flame hits you!
You miss something. Your kick misses something. Something hits you.
* * * LOW HITPOINT WARNING * * *
You miss something. Something hits you!
You die...

#.##...........###...........
#. #................#####....
.. ###....####.....(# #.##. .
#..............# #.###
#......#.......#####.#
#...............#....#
#.................)..#
#.................#..#
#......@.......<###..#
......{.........#....#
#...............#.#..#
...####.........#.#..# ..
.......##.#....# .
.........#.....##
.......###...#.# ....####
#..##.# #..##.#


There were no monsters in sight!

Vanquished Creatures
  2 adders
  An ooze (D:2)
  A worm (D:3)
  A dart slug (D:1)
  A leopard gecko (D:3)
  An orc (D:3)
  A giant cockroach (D:1)
  10 goblins
  7 hobgoblins
  A quokka (D:2)
  2 ball pythons
  5 bats
  3 frilled lizards
  9 kobolds
  A rat (D:2)
46 creatures vanquished.

Vanquished Creatures (others)
  8 starspawn tentacles (Abyss:2)
8 creatures vanquished.

Grand Total: 54 creatures vanquished

Notes
Turn   | Place    | Note
-------+----------+-------------------------------------------
     0 | Abyss:1  | Gargoyl the Centaur Abyssal Knight began the quest for the
                  | Orb.
     0 | Abyss:1  | Reached XP level 1. HP: 19/19 MP: 2/2
    52 | Abyss:2  | Noticed a tentacled starspawn
    80 | Abyss:2  | Noticed a neqoxec
    82 | Abyss:2  | Noticed a tentacled starspawn
    90 | Abyss:2  | Noticed a large abomination
    92 | Abyss:2  | Noticed a small abomination
    93 | Abyss:2  | Gained mutation: You are resistant to hostile enchantments.
                  | (MR+) [a neqoxec]
   104 | Abyss:2  | Noticed an iron imp
   106 | Abyss:2  | Noticed an iron imp
   121 | Abyss:2  | Noticed a large abomination
   129 | Abyss:2  | Noticed a tentacled starspawn
   130 | Abyss:2  | Noticed a sky beast
   137 | Abyss:2  | Noticed a starcursed mass
   148 | Abyss:2  | Noticed a mana viper
   149 | Abyss:2  | Noticed a ynoxinul
   157 | Abyss:2  | Noticed a raiju
   160 | D:1      | Escaped the Abyss
   352 | D:1      | Found a glowing golden altar of the Shining One.
   497 | D:1      | Reached XP level 2. HP: 20/26 MP: 3/3
  1256 | D:2      | Reached * piety under Lugonu
  1297 | D:2      | Found a shimmering altar of Xom.
  1418 | D:2      | Reached skill level 1 in Dodging
  1418 | D:2      | Reached XP level 3. HP: 25/31 MP: 4/4
  2159 | D:2      | Lost mutation: You are resistant to hostile enchantments.
                  | (MR+) [potion of mutation]
  2159 | D:2      | Gained mutation: You occasionally shout uncontrollably at
                  | your foes. [potion of mutation]
  2159 | D:2      | Gained mutation: You evolve. [potion of mutation]
  2159 | D:2      | Gained mutation: You are frail. (-10% HP) [potion of
                  | mutation]
  2159 | D:2      | Gained mutation: You possess an exceptional clarity of
                  | mind. [potion of mutation]
  2416 | D:2      | Found a bloodstained altar of Trog.
  2682 | D:3      | Reached XP level 4. HP: 28/34 MP: 5/5
  2850 | D:3      | Noticed Sigmund
  2859 | D:3      | Slain by Sigmund

Levels and vault maps discovered:
D:1:      minmay_arrival_arboretum_small, layout_basic, tso_metal_star
D:2:      layout_basic, lemuel_crystal_altar, trog_hazing_becter
D:3:      layout_basic, first_ration, serial_park_tiny_pond, item_on_display_a,
          uniq_terence, uniq_sigmund

Skill      XL: |  1  2 |
---------------+-------+-----
Axes           | 2 |  2.4
Armour         | 2 |  2.2
Dodging        | 1 |  1.2
Fighting       | |  3.3
Invocations    | |  2.5

Action                   |  1- 3 |  4- 6 || total
-------------------------+-------+-------++-------
Melee: Hand axe          |   117 |    14 ||   131
       Kick              |    13 |     1 ||    14
Invok: Depart the Abyss  |     1 |       ||     1
  Use: Scroll            |    10 |       ||    10
       Potion            |     1 |       ||     1
  Eat: Chunk             |     4 |       ||     4
Armor: Chain mail        |   126 |     3 ||   129
Dodge: Dodged            |    39 |     1 ||    40

Table legend:
 A = Non-vault XP
 B = Vault XP
 C = Vault XP percentage of total XP
 D = Non-vault monster count
 E = Vault monster count
 F = Vault count percentage of total count
                 A         B        C        D         E       F
            +---------+---------+-------+---------+---------+-------
      Total |     102 |      12 |  10.5 |      40 |       6 |  13.0
            +---------+---------+-------+---------+---------+-------
        D:1 |      32 |       0 |   0.0 |      19 |       0 |   0.0
        D:2 |      42 |      12 |  22.2 |      15 |       6 |  28.6
        D:3 |      28 |       0 |   0.0 |       6 |       0 |   0.0
            +---------+---------+-------+---------+---------+-------
